 Dungeon Crawl Stone Soup version 0.29.1-13-g9f3cf754e1 (webtiles) character file.

Game seed: 16691819234531984846

156 hbarley the Chopper (level 5, -1/47 HPs)
             Began as a Hill Orc Fighter on Jan 31, 2023.
             Slain by Duvessa
             ... wielding a +0 short sword
              (11 damage)
             ... on level 4 of the Dungeon.
             The game lasted 00:06:11 (2927 turns).

hbarley the Chopper (Hill Orc Fighter)              Turns: 2927, Time: 00:06:11

Health: -1/47      AC:  8    Str: 19    XL:     5   Next: 38%
Magic:  5/5        EV:  9    Int:  8    God:
Gold:   178        SH:  5    Dex: 18    Spells: 4/4 levels left

rFire   . . .      SeeInvis .   a - +0 war axe
rCold   . . .      Faith    .   c - +0 buckler
rNeg    . . .      Spirit   .   b - +0 scale mail
rPois   .          Reflect  .   (no helmet)
rElec   .          Harm     .   (no cloak)
rCorr   .          Rampage  .   h - +0 pair of gloves
Will    .....                   (no boots)
Stlth   ..........              (no amulet)
HPRegen 0.15/turn               p - +6 ring of dexterity
MPRegen 0.09/turn               (no ring)

@: mighty
A: no striking features
a: no special abilities


You were on level 4 of the Dungeon.
You visited 1 branch of the dungeon, and saw 4 of its levels.

You collected 198 gold pieces.
You spent 20 gold pieces at shops.

Inventory:

Hand Weapons
 a - a +0 war axe (weapon)
Armour
 b - a +0 scale mail (worn)
 c - a +0 buckler (worn)
 h - a +0 pair of gloves (worn)
Jewellery
 p - a +6 ring of dexterity (left hand)
Scrolls
 e - 5 scrolls of identify
 g - 2 scrolls of immolation {unknown}
 j - a scroll of enchant armour {unknown}
 l - 2 scrolls of teleportation {unknown}
 m - a scroll of enchant weapon {unknown}
 o - a scroll of fear {unknown}
 r - a scroll of fog {unknown}
Potions
 f - 2 potions of curing {unknown}
 i - a potion of lignification {unknown}
 k - a potion of haste {unknown}
 n - 2 potions of cancellation {unknown}
 q - a potion of resistance {unknown}
 s - a potion of magic {unknown}
 t - 2 potions of heal wounds {unknown}


   Skills:
 + Level 4.4 Fighting
 + Level 4.9 Axes
 + Level 4.3 Armour
 + Level 0.4 Dodging
 + Level 3.8 Shields


You had 4 spell levels left.
You didn't know any spells.
Your spell library contained the following spells:

 Spells                   Type           Power      Damage    Failure   Level
 Poisonous Vapours        Pois/Air       0%         N/A       94%         2
 Corpse Rot               Necr/Pois/Air  0%         N/A       100%        4


Dungeon Overview and Level Annotations

Branches:
Dungeon (4/15)
 Temple: D:4-7

Altars:
Fedhas

Shops:
D:2 [?

Annotations:
D:4 Duvessa, Sigmund


Message History

You hit the endoplasm.
The endoplasm is lightly wounded.
You block the endoplasm's attack.
You hit the endoplasm.
You kill the endoplasm!
n - 2 ruby potions (gained 1) Dowan, Brother of Duvessa comes into view.
He is wielding a +0 dagger of flaming.
Dowan points at something and mumbles some strange words.
You hear a shout!
Duvessa, Sister of Dowan comes into view.
She is wielding a +0 short sword.
You feel very mighty all of a sudden.
You barely miss Duvessa. Dowan casts a spell at you.
The puff of flame hits you! You block Duvessa's attack.
You closely miss Dowan. You barely miss Duvessa. Duvessa barely misses you.
Duvessa hits you with a +0 short sword! Dowan casts a spell at you.
The puff of flame misses you.
You barely miss Dowan. You slash Duvessa!
Duvessa says, "When magic and the sword combine, nothing stands against them."
Duvessa closely misses you. Dowan barely misses you.
Duvessa hits you with a +0 short sword.
You slash Dowan!
Dowan is heavily wounded.
You slash Duvessa! Duvessa hits you with a +0 short sword!
Dowan hits you but does no damage. You block Duvessa's attack.
You block Dowan's attack.
You slash Dowan!
Dowan is almost dead.
You hit Duvessa.
Duvessa gestures with her weapon.
Duvessa hits you with a +0 short sword!
* * * LOW HITPOINT WARNING * * *
Duvessa barely misses you. Dowan hits you but does no damage.
You slash Dowan!
You kill Dowan!
Duvessa weeps, and shakes her weapon.
Duvessa goes berserk!
You hit Duvessa. You block Duvessa's attack.
Duvessa hits you with a +0 short sword!
You die...

## .. #### .#
..# .#
###.##.# ....
#......#.....
#....).#..#..
#...e@.......
#.........##.
#.........#
##...........
#.......####
#.......#
#.......#
##.#.#.##
##.#.#.#


You could see Duvessa (berserk, fast).

Vanquished Creatures
  Dowan (D:4)
  2 orc priests (D:3)
  A gnoll (D:1)
  3 adders
  A dart slug (D:1)
  8 orcs (D:3)
  7 endoplasms
  3 hobgoblins (D:3)
  3 kobolds
  2 quokkas (D:3)
  3 ball pythons
  4 bats
  2 frilled lizards (D:3)
  9 goblins
  6 rats
55 creatures vanquished.

Notes
Turn   | Place    | Note
-------+----------+-------------------------------------------
     0 | D:1      | hbarley the Hill Orc Fighter began the quest for the Orb.
     0 | D:1      | Reached XP level 1. HP: 19/19 MP: 1/1
    98 | D:1      | Found a faded altar of an unknown god.
   105 | D:1      | Reached XP level 2. HP: 3/27 MP: 2/2
   872 | D:2      | Reached XP level 3. HP: 26/33 MP: 3/3
   946 | D:2      | Found Uklaunadd's Antique Armour Shoppe.
   954 | D:2      | Found Viadwergh's Armour Shoppe.
  1309 | D:2      | Found Vuel's Magic Scroll Shoppe.
  1317 | D:2      | Bought a scroll of identify for 20 gold pieces
  1622 | D:3      | Found a blossoming altar of Fedhas.
  1759 | D:3      | Reached XP level 4. HP: 38/40 MP: 4/4
  2063 | D:3      | Reached XP level 5. HP: 5/47 MP: 5/5
  2794 | D:4      | Noticed Sigmund
  2917 | D:4      | Noticed Dowan
  2918 | D:4      | Noticed Duvessa
  2927 | D:4      | Killed Dowan
  2927 | D:4      | Slain by Duvessa

Illustrated notes

Levels and vault maps discovered:
D:1:      psy_arrival_conway, layout_basic, chequers_ecumenical_altar_island,
          minmay_misc_feat_four_crosses
D:2:      layout_basic, serial_corexii_hall, corexii_hall_statues_x,
          chequers_hall_statues_wall_a, serial_shops,
          nicolae_shop_competitors_out_of_business, shop,
          nicolae_shop_statue_plus, nicolae_shop_overgrown_old_shop,
          corexii_hall_statues_t, minmay_pentomino_r4
D:3:      layout_basic, fedhas_altar_1
D:4:      layout_loops_cross, mainiacjoe_overflow_boulevard,
          beargit_hepliaklqana_dungeon_heroes, minmay_manual_monstrance,
          uniq_duvessa

Skill      XL: |  1  2  3  4 |
---------------+-------------+-----
Axes           | 3 4 |  4.9
Fighting       | 4 |  4.4
Armour         | 4 |  4.3
Dodging        | |  0.4
Shields        | |  3.8

Action                   |  1- 3 |  4- 6 || total
-------------------------+-------+-------++-------
Melee: War axe           |    67 |    70 ||   137
  Use: Potion            |       |     2 ||     2
Armor: Scale mail        |    40 |    26 ||    66
Dodge: Dodged            |    41 |    36 ||    77
Block: Buckler           |    19 |    27 ||    46
